cohdb
Replays
Latest Replays
All Replays
Popular Replays
Top Player Replays
Match Explorer
How It Works
Community
CoH3 Stats
Reddit
Sign in to upload your games and track your stats! →
Sign in with Steam
Match 47132787
Unlisted
Match 47132787
Overview
Messages
Build Orders
End
Engineer Squad
Construct Weapon Support Center
M1919 Machine Gun Team
M1919 Machine Gun Team
Infantry Support Center
Construct Barracks
Riflemen Squad
Selects Advanced Infantry Battlegroup
Riflemen Squad
Grenade Package
Selects Artillery Observers
M3 Armored Personnel Carrier
M1918 Browning Automatic Rifles
Riflemen Squad
Construct Tank Depot
Selects Convert to Ranger Squad
Selects Designate Assault Position
Bazooka Squad
M4(105) Sherman Bulldozer
Selects Infantry Assault
Infantry Assault
Forward Retreat Point
Infantry Assault
Designate Assault Position
M4(105) Sherman Bulldozer
Selects M2A1 105mm Howitzer Emplacement
Bazooka Squad
Infantry Assault
Advanced Logistics
Survival Training
Infantry Assault
Improved M9 Bazooka Rockets
M4(105) Sherman Bulldozer
Engineer Squad
Engineer Squad
Infantry Assault
DrewP
Dillbro
Truax
turbo
Protek
[CЯAB] Sum Ting Wong
0
0
Comments
sign in to comment!
No comments posted yet!